Map: Invader LE

Players

HATETHISGAME - Winner!

  • Race: Protoss Protoss
  • League: Diamond

Vreaks

  • Race: Zerg Zerg
  • League: Diamond

VOD

Have the link to the VOD?

Description

Time

  • Played on: April 27, 2016, 10:34 p.m.
  • Length: 7:15
Show
View Real Time Build Order
Export as new Build Order

HATETHISGAME Protoss - Winner!

Build Orders:  

Get SALT Encoding   

  12  0:01  Probe (Chrono Boost)  
  13  0:11  Probe (Chrono Boost)  
  14  0:20  Pylon  
  14  0:22  Probe (Chrono Boost)  
  15  0:38  Probe (Chrono Boost)  
  15  0:41  Gateway  
  16  0:46  Assimilator  
  16  0:49  Probe (Chrono Boost)  
  17  0:59  Probe (Chrono Boost)  
  18  1:10  Probe (Chrono Boost)  
  19  1:20  Probe (Chrono Boost)  
  20  1:28  Zealot (Chrono Boost)  
  22  1:35  Cybernetics Core  
  22  1:37  Pylon  
  22  1:40  Assimilator  
  22  1:41  Probe  
  23  1:56  Zealot (Chrono Boost)  
  23  1:58  Probe  
  26  2:11  Gateway  
  26  2:13  Mothership Core (Chrono Boost)  
  26  2:18  Warp Gate (Chrono Boost)  
  26  2:26  Adept  
  28  2:37  Probe (Chrono Boost)  
  29  2:58  Adept  
  31  2:59  Pylon  
  31  3:20  Gateway  
  31  3:26  Gateway  
  31  3:27  Gateway  
  31  3:28  Adept  
  33  3:43  Gateway  
  33  4:13  Pylon  
  33  4:17  Adept  
  33  4:22  Pylon  
  33  4:23  Pylon  
  35  4:24  Adept x2  
  35  4:25  Pylon  
  39  4:44  Gateway  
  39  4:46  Stalker x4  
  47  4:58  Stalker  
  49  5:08  Pylon  
  49  5:20  Sentry x3  
  49  5:21  Sentry  
  57  5:27  Sentry  
  59  5:56  Adept x2  
  59  5:57  Adept x4  
  64  6:20  Sentry  
  66  6:30  Adept x3  
  68  6:39  Zealot x2  
  70  6:51  Sentry  
Show
View Real Time Build Order
Export as new Build Order

Vreaks Zerg 

Build Orders: Pool First 

Get SALT Encoding   

  12  0:19  Spawning Pool  
  11  0:22  Drone  
  11  0:27  Drone  
  13  0:32  Drone  
  14  0:41  Overlord  
  14  1:07  Zergling x6  
  17  1:19  Hatchery  
  17  1:22  Zergling x2  
  17  1:30  Drone  
  18  1:40  Overlord  
  18  1:46  Queen  
  20  1:50  Drone  
  20  1:52  Extractor  
  20  2:01  Drone  
  20  2:15  Drone  
  21  2:23  Drone  
  21  2:33  Drone  
  21  2:34  Drone  
  23  2:43  Drone  
  22  2:50  Drone  
  23  2:54  Overlord  
  23  2:56  Queen, Hatchery  
  24  3:00  Drone  
  25  3:09  Drone  
  25  3:12  Drone  
  27  3:16  Drone  
  27  3:18  Drone  
  29  3:20  Drone  
  29  3:26  Drone  
  29  3:27  Drone  
  32  3:36  Metabolic Boost  
  32  3:37  Zergling x4  
  34  3:42  Drone x2  
  34  3:44  Drone  
  37  3:53  Drone x2  
  39  4:04  Queen  
  39  4:07  Drone x2  
  43  4:10  Zergling x4  
  43  4:12  Lair  
  45  4:17  Zergling x2  
  45  4:18  Zergling x2  
  45  4:23  Roach Warren  
  46  4:25  Zergling x6  
  49  4:34  Overlord x2  
  49  4:37  Zergling x2  
  50  4:45  Overlord x2  
  50  4:58  Spine Crawler x2  
  47  5:03  Roach x2  
  47  5:04  Roach x3  
  57  5:19  Roach x2  
  57  5:20  Zergling x10  
  66  5:24  Overlord  
  66  5:33  Roach  
  68  5:37  Roach  
  68  5:51  Roach  
  68  5:56  Roach  
  61  5:58  Zergling x6  
  61  5:59  Zergling x4  
  59  6:05  Roach  
  59  6:07  Zergling x2  
  59  6:08  Zergling x6  
  59  6:18  Zergling x4  
  55  6:29  Zergling x10  
  53  6:38  Zergling x8  
  50  6:42  Zergling x2  
  33  6:52  Zergling x2  
  17  6:55  Zergling x8  
Tags
 
Add a new tag
Caveats
  • Supply blocks, unpowered buildings, or Contaminate may cause inaccurate times.
  • Supply counts are checked every 10 seconds.